 Dungeon Crawl Stone Soup version 0.21.0 (webtiles) character file.

203 edsrzf the Magician (level 5, -1/32 HPs)
             Began as a Tengu Earth Elementalist on Jan 21, 2018.
             Slain by Grinder (5 damage)
             ... while paralysed by Grinder
             ... on level 3 of the Dungeon.
             The game lasted 00:07:07 (3283 turns).

edsrzf the Magician (Tengu Earth Elementalist)      Turns: 3283, Time: 00:07:08

Health: -1/32      AC:  2    Str:  8    XL:     5   Next: 81%
Magic:  3/11       EV:  2    Int: 17    God:
Gold:   90         SH:  0    Dex: 20    Spells: 7/11 levels left

rFire    . . .     SeeInvis .   (no weapon)
rCold    . . .     Gourm    .   (no shield)
rNeg     . . .     Faith    .   c - +0 robe
rPois    .         Spirit   .   (helmet restricted)
rElec    .         Reflect  .   (no cloak)
rCorr    .         Harm     .   (no gloves)
MR       .....                  (boots unavailable)
Stlth    ++........             (no amulet)
HPRegen  0.10/turn              n - +6 ring of dexterity
MPRegen  0.12/turn              (no ring)

@: paralysed, very slightly contaminated
A: beak, talons 3, able to fly 1
a: Fly


You were on level 3 of the Dungeon.
You were very hungry.

You visited 1 branch of the dungeon, and saw 3 of its levels.

You collected 90 gold pieces.

Inventory:

Missiles
 b - 118 stones (quivered)
Armour
 c - a +0 robe (worn)
Jewellery
 n - a +6 ring of dexterity (left hand)
Scrolls
 a - 4 scrolls of identify {unknown}
 f - a scroll of magic mapping {unknown}
 g - a scroll of noise {unknown}
 i - a scroll of remove curse {unknown}
 k - a scroll of amnesia {unknown}
 m - a scroll of enchant weapon {unknown}
 o - a scroll of teleportation {unknown}
Potions
 h - a potion of heal wounds
 j - a potion of curing {unknown}
 l - a potion of brilliance {unknown}
Books
 e - a book of Geomancy
Comestibles
 d - 11 rations
 p - a chunk of flesh


   Skills:
 + Level 3.1 Fighting
 - Level 2.1 Dodging
 - Level 2.0 Stealth
 + Level 3.6 Spellcasting
 + Level 3.1 Conjurations
   Level 0.7 Transmutations
 - Level 2.1 Earth Magic


You had 7 spell levels left.
You knew the following spells:

 Your Spells              Type           Power        Failure   Level  Hunger
a - Stone Arrow           Conj/Erth      ##....       16%         3    ###....
X - Sandblast             Erth           ##....       7%          1    None


Dungeon Overview and Level Annotations

Branches:
Dungeon (3/15)

Altars:

Annotations:
D:3 Grinder; MatthieuS's ghost, amateur SpEn


Innate Abilities, Weirdness & Mutations

You have a beak for a mouth.
You have claws for feet.
You can fly.


Message History

You feel sick.
You feel sick.
You feel sick.
You feel sick.
You feel sick.
You feel sick.
You feel sick.
You feel sick.
You feel sick.
You feel sick.
You feel sick.
There is an escape hatch in the floor here.
You start resting.
You feel sick. x2
You are no longer poisoned.
You start resting.
You are feeling hungry.
You start resting.
HP restored.
Okay, then.
You slide downwards.
The hatch slams shut behind you.
Level annotation: Grinder; MatthieuS's ghost, amateur SpEn
Found a scale mail.
Casting: Sandblast
Confirm with . or Enter, or press ? or * to list all spells.
Aiming: Sandblast
Press: ? - help, Shift-Dir - straight line, f - ooze
Aim: an ooze (hasn't noticed you)
The blast of sand hits the ooze.
The ooze is severely wounded.
The ooze quivers.
b - 121 stones Natasha, Servant of Life and Death comes into view.
Casting: Sandblast
Confirm with . or Enter, or press ? or * to list all spells.
Aiming: Sandblast
Press: ? - help, Shift-Dir - straight line, f/p - ooze
Aim: an ooze (severely wounded)
The blast of sand hits the ooze.
You kill the ooze!
b - 120 stones
Casting: Sandblast
Confirm with . or Enter, or press ? or * to list all spells.
You can't see any susceptible monsters within range! (Use Z to cast anyway.)
Casting: Sandblast
Confirm with . or Enter, or press ? or * to list all spells.
Aiming: Stone Arrow
Press: ? - help, Shift-Dir - straight line, f - Natasha
Aim: Natasha The stone arrow hits Natasha.
Natasha is severely wounded.
Natasha casts a spell at you. The magic dart hits you!
Casting: Stone Arrow
Confirm with . or Enter, or press ? or * to list all spells.
Aiming: Stone Arrow
Press: ? - help, Shift-Dir - straight line, f/p - Natasha
Aim: Natasha (severely wounded)
You miscast Stone Arrow.
You are very lightly contaminated with residual magic.
Your skin glows momentarily.
You are feeling very hungry.
Natasha casts a spell.
Casting: Stone Arrow
Confirm with . or Enter, or press ? or * to list all spells.
Aiming: Sandblast
Press: ? - help, Shift-Dir - straight line, f/p - Natasha
Aim: Natasha (severely wounded)
The blast of sand hits Natasha.
Natasha is almost dead.
b - 119 stones Natasha stares at you and mumbles some strange words.
You feel yourself slow down.
Casting: Sandblast
Confirm with . or Enter, or press ? or * to list all spells.
Aiming: Sandblast
Press: ? - help, Shift-Dir - straight line, f/p - Natasha
Aim: Natasha (almost dead)
The blast of sand hits Natasha.
You kill Natasha!
Natasha yowls pathetically as she dies!
The shadow imp disappears in a puff of smoke!
Your Conjurations skill increases to level 3!
b - 118 stones Unknown command.
You see here the felid corpse of Natasha.
You butcher the felid corpse of Natasha.
Things that are here:
a chunk of flesh; the felid skeleton of Natasha
p - a chunk of flesh Grinder shouts!
Grinder gestures at you.
You suddenly lose the ability to move!
You feel yourself speed up. Grinder gestures at you.
Pain shoots through your body! Grinder hits you!
* * * LOW HITPOINT WARNING * * *
You writhe in agony.
You die...

........####.# #.##.#.#
.........##..# #. #.#..
.....##.....####.#..###.
..................... .#
...[................. .
.........#.#.........
#....÷....#####.#
###...5.........###
#.#..@..........######
...#..#................
....
#............>......
....#
######..............
.... #..$........... ...
#..............
#..........†...
#..<....5..†...
#..)...........


You could see Grinder.

Vanquished Creatures
  2 orc wizards (D:3)
  Natasha (D:3)
  3 adders
  An ooze (D:3)
  A worm (D:2)
  5 dart slugs
  2 leopard geckos
  3 orcs (D:3)
  A giant cockroach (D:3)
  5 goblins
  11 hobgoblins
  6 jackals (D:2)
  6 kobolds
  13 bats
  4 frilled lizards
  9 rats
73 creatures vanquished.

Notes
Turn   | Place    | Note
-------+----------+-------------------------------------------
     0 | D:1      | edsrzf the Tengu Earth Elementalist began the quest for the Orb.
     0 | D:1      | Reached XP level 1. HP: 10/10 MP: 4/4
   265 | D:1      | Reached skill level 1 in Fighting
   265 | D:1      | Reached XP level 2. HP: 16/16 MP: 6/6
   704 | D:1      | Reached XP level 3. HP: 15/20 MP: 3/7
  1015 | D:1      | Learned a level 3 spell: Stone Arrow
  1264 | D:2      | Reached skill level 2 in Fighting
  1408 | D:2      | Reached skill level 1 in Conjurations
  1568 | D:2      | Reached skill level 3 in Spellcasting
  1570 | D:2      | Reached XP level 4. HP: 26/26 MP: 5/9
  1888 | D:2      | You fall through a shaft!
  1928 | D:3      | Noticed MatthieuS's ghost (amateur SpEn)
  1938 | D:2      | Identified 2 potions of heal wounds
  2611 | D:3      | Noticed Grinder
  2739 | D:3      | Reached skill level 2 in Conjurations
  2741 | D:3      | Gained mutation: You can fly. [Tengu growth]
  2741 | D:3      | Reached XP level 5. HP: 31/31 MP: 3/11
  2875 | D:3      | Reached skill level 3 in Fighting
  3266 | D:3      | Noticed Natasha
  3271 | D:3      | Killed Natasha
  3271 | D:3      | Reached skill level 3 in Conjurations
  3277 | D:3      | Paralysed by Grinder for 7 turns
  3283 | D:3      | Slain by Grinder

Skill      XL: |  1  2  3  4  5 |
---------------+----------------+-----
Fighting       | 1 2 3 |  3.1
Conjurations   | 1 2 3 |  3.1
Spellcasting   | 3 |  3.6
Dodging        | |  2.1
Stealth        | |  2.0
Transmutations | |  0.7
Earth Magic    | |  2.1

Action                   |  1- 3 |  4- 6 || total
-------------------------+-------+-------++-------
Melee: Unarmed           |    65 |    26 ||    91
       Peck              |    10 |     5 ||    15
       Kick              |    14 |     8 ||    22
 Cast: Sandblast         |    46 |    40 ||    86
       Stone Arrow       |       |     4 ||     4
  Use: Potion            |       |     1 ||     1
 Stab: Sleeping          |     3 |     3 ||     6
  Eat: Chunk             |     2 |     5 ||     7
Armor: Robe              |    28 |    12 ||    40
Dodge: Dodged            |    60 |    26 ||    86
